AoeStats
← -J&R- bandit

Hill Fort

503789403Analyzed
4v4 RM · 29d ago on Sep 2, 2026· 50m 25s· 8 players
Game mode
Random Map
Map size
Large (8 player)
Population
200
Speed
Normal
Resources
Standard
Victory
Conquest
Starting age
Dark Age
Ending age
Imperial Age
RankedLock teamsTeams togetherTeam positionsShared explorationLock speedFull tech treeHidden civsTurbo modeCheats
Victory
Defeat
🇪🇸 Spanish · Spain
1047
+15
🇨🇳 Huns · China
1021
+17
🇫🇷 Celts · France
1019
+17
🇪🇸 Vikings · Spain
1003
+17
🇳🇱 Persians · Netherlands
1084
-19
🇵🇱 Malians · Poland
1056
-18
🇬🇧 Franks · United Kingdom
1002
-15
🇹🇷 Inca · Türkiye
992
-15
Jumillanix [ESP]
2:54 Loom
11:56 Feudal Age
12:36 Double-Bit Axe
13:39 Wheelbarrow
18:21 Castle Age
16:45 Fletching
18:19 Horse Collar
19:37 Bow Saw
19:50 Heavy Plow
21:22 Husbandry
21:33 Bloodlines
21:52 Padded Archer Armor
22:01 Gold Mining
24:14 Leather Archer Armor
29:10 Hand Cart
36:35 Imperial Age
36:52 Elite Conquistador
37:58 Conscription
38:47 Ring Archer Armor
40:05 Stone Mining
41:21 Two-Man Saw
40:08 Town Watch
Pr8feSS8r
11:16 Feudal Age
13:28 Loom
13:53 Double-Bit Axe
13:55 Horse Collar
19:00 Castle Age
17:20 Gold Mining
20:32 Bow Saw
21:51 Heavy Plow
22:32 Gold Shaft Mining
22:15 Pikeman
23:13 Stone Mining
33:25 Imperial Age
31:44 Murder Holes
32:27 Squires
33:02 Scale Mail Armor
33:13 Forging
32:53 Treadmill Crane
33:25 Masonry
33:57 Chieftains
35:29 Two-Man Saw
35:27 Crop Rotation
35:17 Cavalier
36:46 Iron Casting
35:51 Elite Berserk
36:52 Conscription
36:59 Chieftains
37:16 Scale Barding Armor
37:19 Town Watch
38:09 Town Patrol
41:12 Blast Furnace
41:34 Chain Mail Armor
41:49 Chain Barding Armor
42:03 Arson
42:09 Gambesons
44:01 Hoardings
45:32 Plate Mail Armor
47:22 Fletching
kantd3
11:29 Feudal Age
18:52 Castle Age
18:13 Double-Bit Axe
18:22 Gold Mining
18:15 Horse Collar
19:12 Stone Mining
21:34 Bow Saw
21:00 Pikeman
25:15 Wheelbarrow
29:25 Hand Cart
30:40 Arson
34:18 Imperial Age
33:05 Forging
32:57 Scale Mail Armor
32:53 Stronghold
32:57 Fletching
32:54 Town Watch
34:25 Heavy Plow
35:30 Conscription
34:34 Capped Ram
36:26 Iron Casting
36:08 Chain Mail Armor
36:20 Siege Ram
36:36 Halberdier
39:33 Blast Furnace
39:05 Plate Mail Armor
39:47 Furor Celtica
41:06 Chemistry
41:23 Elite Woad Raider
43:23 Caravan
44:12 Bodkin Arrow
44:25 Scale Barding Armor
44:22 Padded Archer Armor
Snow
1:50 Loom
9:44 Feudal Age
12:17 Horse Collar
22:29 Castle Age
20:56 Double-Bit Axe
22:45 Stone Mining
22:47 Gold Mining
25:48 Wheelbarrow
25:26 Bow Saw
26:12 Heavy Plow
27:15 Gold Shaft Mining
28:43 Hand Cart
34:21 Imperial Age
32:10 Forging
32:05 Scale Barding Armor
32:01 Scale Mail Armor
34:11 Iron Casting
34:01 Chain Barding Armor
33:32 Fletching
34:18 Husbandry
34:29 Bloodlines
34:47 Town Watch
34:56 Elite Tarkan
35:57 Conscription
36:40 Blast Furnace
36:20 Plate Barding Armor
36:32 Marauders
45:51 Bodkin Arrow
45:58 Padded Archer Armor
-J&R- bandit
11:56 Feudal Age
16:13 Castle Age
14:30 Double-Bit Axe
14:34 Loom
14:56 Horse Collar
17:02 Bow Saw
17:41 Heavy Plow
22:46 Wheelbarrow
24:15 Hand Cart
23:45 Town Watch
26:43 Scale Barding Armor
26:55 Stone Mining
26:55 Gold Mining
27:23 Forging
28:10 Stone Shaft Mining
28:59 Fletching
30:50 Chain Barding Armor
30:45 Bloodlines
30:35 Husbandry
33:25 Imperial Age
31:17 Bodkin Arrow
31:57 Iron Casting
33:15 Cavalier
34:47 Plate Barding Armor
35:16 Conscription
37:12 Blast Furnace
36:13 Savar
38:53 Ballistics
39:10 Padded Archer Armor
40:50 Hoardings
40:33 Light Cavalry
41:30 Hussar
46:12 Citadels
bbjameshetfield
16:56 Feudal Age
17:25 Horse Collar
17:30 Double-Bit Axe
17:35 Gold Mining
17:35 Stone Mining
22:38 Castle Age
26:17 Andean Sling
26:48 Loom
27:38 Wheelbarrow
26:48 Town Watch
27:27 Murder Holes
27:42 Fortified Wall
30:14 Treadmill Crane
34:14 Stone Shaft Mining
34:15 Gold Shaft Mining
33:50 Bow Saw
35:10 Heavy Plow
35:21 Bow Saw
34:38 Elite Skirmisher
39:19 Thumb Ring
39:44 Fletching
39:54 Padded Archer Armor
45:27 Imperial Age
45:34 Imperial Age
45:42 Imperial Age
44:50 Hand Cart
44:36 Town Patrol
45:07 Guard Tower
45:47 Ballistics
46:25 Forging
46:15 Scale Mail Armor
46:10 Bodkin Arrow
46:16 Padded Archer Armor
47:50 Conscription
47:01 Sappers
47:44 Crossbowman
49:10 Iron Casting
48:50 Chain Mail Armor
48:36 Padded Archer Armor
50:38 Hoardings
toby
10:42 Feudal Age
16:15 Castle Age
16:47 Double-Bit Axe
17:37 Loom
19:08 Bow Saw
21:06 Wheelbarrow
20:16 Town Watch
26:00 Husbandry
27:01 Forging
26:56 Scale Barding Armor
27:58 Pikeman
28:38 Squires
28:23 Arson
31:59 Imperial Age
33:18 Iron Casting
34:00 Hand Cart
33:45 Town Patrol
33:15 Cavalier
36:42 Blast Furnace
36:02 Chain Barding Armor
35:30 Halberdier
36:55 Ballistics
39:21 Paladin
46:30 Scale Mail Armor
Helenka
10:48 Feudal Age
11:27 Double-Bit Axe
18:51 Castle Age
17:03 Loom
17:09 Horse Collar
17:24 Stone Mining
18:43 Wheelbarrow
17:53 Loom
20:37 Bow Saw
25:32 Forging
25:22 Scale Mail Armor
32:01 Chain Mail Armor
32:22 Iron Casting
31:48 Elite Skirmisher
32:34 Thumb Ring
36:13 Imperial Age
33:58 Hand Cart
35:13 Gold Mining
35:59 Stone Shaft Mining
35:27 Heavy Plow
35:24 Fletching
35:34 Padded Archer Armor
36:36 Elite Gbeto
37:40 Conscription
38:09 Plate Mail Armor
37:34 Bodkin Arrow
37:55 Leather Archer Armor
38:23 Gold Shaft Mining
38:26 Crop Rotation
40:24 Pikeman
41:04 Squires
40:50 Arson
Connection lost

Rejoining the realm…

Still unreachable

The connection could not be restored.

Session expired

The server has moved on; the page needs a fresh start.